 Dungeon Crawl Stone Soup version 0.31-a0-1074-g0b22e4e0f1 (webtiles) character file.

Game seed: 9489917983477946079

9676 javelincjr the Mimic (level 11, -8/97 HPs)
             Began as a Demonspawn Shapeshifter on Nov 28, 2023.
             Was a Priest of Hepliaklqana.
             Mangled by a skeletal warrior
             ... wielding a +0 mace
              (19 damage)
             ... on level 10 of the Dungeon.
             The game lasted 00:37:47 (8782 turns).

javelincjr the Mimic (Demonspawn Shapeshifter)      Turns: 8782, Time: 00:37:48

Health: -8/97      AC:  9    Str: 24    XL:     11   Next: 26%
Magic:  16/16      EV: 10    Int: 12    God:    Hepliaklqana [***...]
Gold:   468        SH:  0    Dex: 12    Spells: 10/10 levels left

rFire   . . .        j - melded +3 mace (protect)
rCold   . . .        (shield currently unavailable)
rNeg    . . .        r - melded +3 leather armour
rPois   .            q - melded +2 helmet
rElec   .            z - melded +0 cloak
rCorr   .            m - melded +2 pair of gloves
SInv    +            (boots currently unavailable)
Will    +....        g - amulet of regeneration
Stlth   ++           P - ring of see invisible
HPRegen 1.16/turn    (no ring)
MPRegen 0.15/turn

%: no passive effects
@: snake-form
A: constrict, boosted hp, reduced essence, large, (yellow scales 1), foul stench
2, demonic magic 1, demonic willpower, (demonic touch 2), robust 1, MP-powered
wands
a: Begin Untransformation, Renounce Religion, Recall Ancestor, Ancestor
Identity, Transference


You were on level 10 of the Dungeon.
You worshipped Hepliaklqana.
Hepliaklqana was most pleased with you.
You were an enormous anaconda.
You visited 1 branch of the dungeon, and saw 10 of its levels.

You collected 468 gold pieces.

Inventory:

Hand Weapons
 a - a +1 spear of freezing
 i - a +0 dagger of draining
 j - a +3 mace of protection (melded)
 t - a +5 great sword
Missiles
 k - 17 poisoned darts
 o - 7 boomerangs
 H - 2 curare-tipped darts
 J - 2 throwing nets
Armour
 h - the +1 leather armour of True Grit {rPois}
   (You took it off an orc on level 7 of the Dungeon)

   rPois:     It protects you from poison
 l - a +0 plate armour
 m - a +2 pair of gloves (melded)
 n - a +1 robe of fire resistance
 q - a +2 helmet (melded)
 r - a +3 leather armour (melded)
 z - a +0 cloak (melded)
 D - +0 steam dragon scales
 I - a +1 scale mail of fire resistance
 M - a +3 chain mail
 O - a +2 robe of resistance
Jewellery
 g - an amulet of regeneration (around neck)
 F - a ring of fire
 P - a ring of see invisible (left hand)
Talismans
 c - a beast talisman
 d - a flux talisman
 u - a serpent talisman (active)
Wands
 y - a wand of polymorph (11)
 C - a wand of roots (11)
 G - a wand of digging (6)
 N - a wand of mindburst (10)
Scrolls
 f - a scroll of vulnerability
 s - 2 scrolls of brand weapon
 v - a scroll of fog
 w - a scroll of immolation
 B - a scroll of enchant armour
 E - a scroll of silence {unknown}
Potions
 b - 3 potions of lignification
 e - 3 potions of degeneration
 p - a potion of magic
 x - a potion of curing
 A - a potion of might
 K - a potion of haste
 L - a potion of mutation


   Skills:
 + Level 6.2 Fighting
 - Level 5.0 Armour
 + Level 3.4 Dodging
 + Level 3.0 Stealth
 + Level 6.1 Unarmed Combat
 + Level 7.6 Invocations
 * Level 10.8 Shapeshifting


You had 10 spell levels left.
You didn't know any spells.
Your spell library contained the following spells:

 Spells                   Type           Power      Damage    Failure   Level
 Apportation              Tloc           0%         N/A       32%         1
 Necrotise                Necr           0%         1d4       32%         1
 Summon Small Mammal      Summ           0%         N/A       32%         1
 Cigotuvi's Dreadful Rot  Necr/Pois/Air  0%         N/A       45%         2
 Ensorcelled Hibernation  Hex/Ice        0%         N/A       45%         2
 Jinxbite                 Hex            0%         N/A       45%         2
 Momentum Strike          Conj/Tloc      0%         3d8       45%         2
 Dazzling Flash           Conj/Hex       0%         N/A       69%         3
 Volatile Blastmotes      Fire/Tloc      0%         2d10      69%         3
 Anguish                  Hex/Necr       0%         N/A       97%         4
 Dispel Undead            Necr           0%         3d6       97%         4
 Fulminant Prism          Conj/Hex       0%         3d5       97%         4
 Iskenderun's Mystic Bla  Conj/Tloc      0%         2d3       97%         4
 Vhi's Electric Charge    Tloc/Air       0%         N/A       97%         4
 Agony                    Necr           0%         N/A       100%        5
 Silence                  Hex/Air        0%         N/A       100%        5
 Conjure Ball Lightning   Conj/Air       0%         3x3d6     100%        6
 Death Channel            Necr           0%         N/A       100%        6
 Discord                  Hex            0%         N/A       100%        8
 Disjunction              Tloc           0%         N/A       100%        8


Dungeon Overview and Level Annotations

Branches:
Dungeon (10/15)            Temple (0/1) D:4
   Lair: D:8-11         Orc: D:9-12

Altars:
Fedhas
Hepliaklqana
Kikubaaqudgha
Qazlal
Sif Muna
Trog
Uskayaw
Vehumet
Wu Jian
Yredelemnul

Annotations:
D:6 1 runed translucent door, whatisthis's ghost, novice DrIE
D:8 Jeremiah
D:9 2 transporters, bmb222's ghost, journeyman OpSh


Innate Abilities, Weirdness & Mutations

You are an enormous anaconda.
You have a powerful constriction melee attack.
Your maximum health is increased.
Your armour is entirely melded.
You are incapable of wielding weapons or throwing items.
Your life essence is reduced to manifest your ancestor. (-10% HP)
((You are partially covered in yellow scales. (AC +2)))
You sometimes emit foul miasma when damaged in melee.
Spells you cast may paralyse adjacent enemies.
You punish those that try to bend your will. (Will+)
((Your touch may inflict irresistible damage on your foes.))
You are robust. (+10% HP)
You expend magic power (3 MP) to strengthen your wands.


Message History

You constrict the skeletal warrior, but do no damage.
Hori hits the skeletal warrior but does no damage.
The skeletal warrior hits you but does no damage.
The skeletal warrior hits you with a +0 dire flail!
You lash the skeletal warrior!
The skeletal warrior is severely damaged.
You constrict the skeletal warrior.
You hit the skeletal warrior but do no damage.
The skeletal warrior is severely damaged.
You constrict the skeletal warrior.
Hori hits the skeletal warrior with a +0 quarterstaff!
The skeletal warrior hits you with a +0 dire flail.
The skeletal warrior barely misses you.
You hit the skeletal warrior but do no damage.
The skeletal warrior is almost destroyed.
You constrict the skeletal warrior!
You destroy the skeletal warrior!
The skeletal warrior hits you with a +0 mace!
* * * LOW HITPOINT WARNING * * *
Your Stealth skill increases to level 3!
You are too injured to fight recklessly!
You barely miss the skeletal warrior. You grab the skeletal warrior.
You constrict the skeletal warrior.
Hori hits the skeletal warrior with a +0 quarterstaff.
The skeletal warrior hits you with a +0 mace!
* * * LOW HITPOINT WARNING * * *
You emit a cloud of foul miasma!
You hit the skeletal warrior.
The skeletal warrior is lightly damaged.
You constrict the skeletal warrior.
Hori completely misses the skeletal warrior.
The skeletal warrior hits you with a +0 mace!
* * * LOW HITPOINT WARNING * * *
You lash the skeletal warrior!
The skeletal warrior is moderately damaged.
You constrict the skeletal warrior, but do no damage.
Hori gestures at the skeletal warrior while chanting.
The stone arrow hits the skeletal warrior but does no damage.
The skeletal warrior hits you with a +0 mace!!
You die...

########################
......z.................
......RS†.......#####..#
..#####.#######.# #..#
#.# #.# #..# #.# #.#
#..# #.# #.# #..# #.#
#.# #..# #.# #.# #..#
#.# #.# #..# #.# #..#


You could see the friendly Hori the battlemage and a skeletal warrior (ally
target).

Vanquished Creatures
  A skeletal warrior (D:10)
  Maggie (D:7)
  Psyche (D:8)
  2 wyverns (D:9)
  10 yaks (D:9)
  Edmund (D:6)
  A warg (D:7)
  A water moccasin (D:8)
  An ice beast (D:5)
  An orc warrior (D:9)
  2 sky beasts
  3 black bears
  4 ogres
  5 centaurs
  2 phantoms
  A kobold brigand (D:9)
  A bullfrog (D:6)
  2 gnoll sergeants (D:7)
  3 scorpions
  3 necrophages (D:4)
  11 wights
  7 killer bees
  5 howler monkeys
  A centaur zombie (D:4)
  5 hounds
  3 jellies
  A human zombie (D:4)
  6 orc priests
  2 gnoll boudas
  5 iguanas
  10 orc wizards
  4 scorpion zombies (D:4)
  A hound zombie (D:4)
  A mummy (D:4)
  8 gnolls
  7 adders
  A shadow imp (D:6)
  A white imp (D:7)
  An ufetubus (D:7)
  An adder zombie (D:4)
  A worm (D:7)
  3 dart slugs
  19 orcs
  3 bat zombies (D:9)
  6 endoplasms
  2 giant cockroaches
  9 goblins
  8 hobgoblins
  10 jackals
  5 quokkas
  11 ball pythons
  A bat (D:2)
  A frilled lizard (D:2)
  12 kobolds
  9 rats
  A rat zombie (D:9)
228 creatures vanquished.

Vanquished Creatures (collateral kills)
  A kobold demonologist (D:7)
  2 yaks (D:9)
  An orc warrior (D:7)
  3 ogres (D:7)
  2 kobold brigands (D:7)
  A bullfrog (D:7)
  2 gnoll sergeants (D:7)
  2 killer bees
  6 howler monkeys
  A gnoll bouda (D:7)
  6 hounds (D:7)
  4 orc priests (D:7)
  5 orc wizards (D:7)
  2 gnolls (D:7)
  An ufetubus (D:7)
  5 orcs
  A rat (D:7)
45 creatures vanquished.

Vanquished Creatures (others)
  An ogre (D:7)
  A bullfrog (D:9)
  An orc priest (D:4)
  2 battlemagi (D:9)
  An ancestor (D:7)
6 creatures vanquished.

Grand Total: 279 creatures vanquished

Notes
Turn   | Place    | Note
-------+----------+-------------------------------------------
     0 | D:1      | javelincjr the Demonspawn Shapeshifter began the quest for
                  | the Orb.
     0 | D:1      | Reached XP level 1. HP: 15/15 MP: 1/1
   120 | D:1      | Found a faded altar of an unknown god.
   127 | D:1      | Reached skill level 3 in Shapeshifting
   133 | D:1      | Gained mutation: You are partially covered in yellow
                  | scales. (AC +2) [demonic ancestry]
   133 | D:1      | Reached XP level 2. HP: 7/21 MP: 2/2
   200 | D:1      | Got the Catalogue of Nonlocality
   973 | D:2      | Gained mutation: You may rarely emit foul miasma when
                  | damaged in melee. [demonic ancestry]
   973 | D:2      | Reached XP level 3. HP: 9/26 MP: 3/3
  1326 | D:2      | Reached skill level 4 in Shapeshifting
  2072 | D:3      | Reached XP level 4. HP: 32/32 MP: 4/4
  2806 | D:4      | Noticed a phantom
  2823 | D:4      | Killed a phantom
  2824 | D:4      | Reached skill level 5 in Shapeshifting
  2824 | D:4      | Gained mutation: Spells you cast may paralyse adjacent
                  | enemies. [demonic ancestry]
  2824 | D:4      | Reached XP level 5. HP: 34/37 MP: 5/5
  2842 | D:4      | Found a shimmering blue altar of Sif Muna.
  2845 | D:4      | Found a hazy altar of Hepliaklqana.
  2854 | D:4      | Became a worshipper of Hepliaklqana the Forgotten
  3073 | D:4      | Found a staircase to the Ecumenical Temple.
  3141 | D:4      | Noticed an ogre
  3301 | D:4      | Killed an ogre
  3302 | D:4      | Reached skill level 6 in Shapeshifting
  3302 | D:4      | Reached XP level 6. HP: 43/43 MP: 6/6
  3611 | D:4      | Gained mutation: Your touch may inflict minor irresistible
                  | damage on your foes. [demonic ancestry]
  3611 | D:4      | Reached XP level 7. HP: 42/48 MP: 7/7
  3629 | D:4      | Reached skill level 7 in Shapeshifting
  3685 | D:4      | Found a basalt altar of Yredelemnul.
  4182 | D:5      | Entered Level 5 of the Dungeon
  4194 | D:5      | Found a stormy altar of Qazlal.
  4200 | D:5      | Reached skill level 8 in Shapeshifting
  4261 | D:5      | Reached skill level 1 in Invocations
  4292 | D:5      | Reached XP level 8. HP: 48/54 MP: 7/9
  4346 | D:5      | Reached skill level 1 in Armour
  4767 | D:5      | Reached * piety under Hepliaklqana
  5108 | D:6      | Noticed Edmund
  5116 | D:6      | Killed Edmund
  5264 | D:6      | Gained mutation: You sometimes emit foul miasma when
                  | damaged in melee. [demonic ancestry]
  5264 | D:6      | Reached XP level 9. HP: 55/57 MP: 11/11
  5293 | D:6      | Found a hide-covered altar of Uskayaw.
  5543 | D:6      | Reached skill level 9 in Shapeshifting
  5784 | D:6      | Found a runed translucent door.
  5785 | D:6      | Noticed whatisthis's ghost (novice DrIE)
  6041 | D:7      | Noticed Maggie
  6056 | D:7      | Gained mutation: You expend magic power (3 MP) to
                  | strengthen your wands. [potion of mutation]
  6056 | D:7      | Gained mutation: You are robust. (+10% HP) [potion of
                  | mutation]
  6059 | D:7      | Your ally Maggie died
  6060 | D:7      | Reached skill level 5 in Invocations
  6067 | D:7      | Noticed a kobold demonologist
  6069 | D:7      | Noticed a red devil
  6081 | D:7      | HP: 3/65 [gnoll sergeant/+0 spear (5)]
  6121 | D:7      | Identified the +1 leather armour of True Grit {rPois}
  6353 | D:7      | Reached ** piety under Hepliaklqana
  6354 | D:7      | Remembered your ancestor Hori as a battlemage
  6423 | D:7      | Gained mutation: You punish those that try to bend your
                  | will. (Will+) [demonic ancestry]
  6423 | D:7      | Reached XP level 10. HP: 45/73 MP: 14/14
  6424 | D:7      | Reached skill level 5 in Unarmed Combat
  6438 | D:7      | HP: 2/73 [orc wizard/puff of flame (12)]
  6483 | D:7      | Reached skill level 5 in Fighting
  6501 | D:7      | Reached skill level 10 in Shapeshifting
  6813 | D:7      | Noticed a moth of wrath
  6817 | D:7      | Found a bloodstained altar of Trog.
  7433 | D:8      | Noticed Psyche
  7439 | D:8      | Killed Psyche
  7440 | D:8      | Reached skill level 1 in Stealth
  7470 | D:8      | Noticed Jeremiah
  7805 | D:9      | Reached skill level 5 in Armour
  7832 | D:9      | Found a blossoming altar of Fedhas.
  7993 | D:9      | Reached *** piety under Hepliaklqana
  8183 | D:9      | Noticed a manticore
  8183 | D:9      | Noticed bmb222's ghost (journeyman OpSh)
  8185 | D:9      | Found a transporter.
  8253 | D:9      | Gained mutation: Your touch may inflict irresistible damage
                  | on your foes. [demonic ancestry]
  8253 | D:9      | Reached XP level 11. HP: 81/81 MP: 16/16
  8291 | D:9      | Found an ornate altar of the Wu Jian Council.
  8291 | D:9      | Found a radiant altar of Vehumet.
  8402 | D:9      | Found an ancient bone altar of Kikubaaqudgha.
  8494 | D:9      | Found a transporter.
  8645 | D:10     | Entered Level 10 of the Dungeon
  8766 | D:10     | Noticed a skeletal warrior
  8771 | D:10     | Noticed a skeletal warrior
  8779 | D:10     | Killed a skeletal warrior
  8782 | D:10     | Mangled by a skeletal warrior

Illustrated notes

Levels and vault maps discovered:
D:1:      zaba_arrival_water, layout_loops_ring, serial_aquarium,
          aquarium_bridge_long_joined [aquarium_subvault_bridge,
          aquarium_subvault_wall, aquarium_subvault_wall,
          aquarium_subvault_bridge, aquarium_subvault_bridge,
          aquarium_subvault_bridge], aquarium_window_1,
          aquarium_window_corridor_1, aquarium_view_2b, aquarium_view_2a,
          hellmonk_ecumenical_altar_arch_garden
D:2:      layout_rooms, serial_co_window_serial, co_window_paths_a,
          co_window_paths_b, co_window_corner_a, co_window_of_opportunity_a,
          co_window_corner_a, co_window_corner_ca, co_window_broadway_c,
          co_window_unsneaky_path_e, co_window_corner_b, co_window_corner_cb,
          co_window_4corner_b, co_window_paths_e, glass_columns_a,
          glass_columns_a, glass_columns_b, glass_columns_c
D:3:      layout_basic, serial_corexii_hall, corexii_hall_statues_x,
          corexii_hall_statues_u
D:4:      layout_basic, lemuel_mausoleum_altar_yredelemnul,
          nicolae_overflow_squiral, temple_fountains, minmay_close_crescents
D:5:      minmay_bubble_buster, layout_gridville,
          nicolae_qazlal_beasts_of_the_sky, amethyst_killhole
D:6:      layout_loops_ring, nicolae_elyvilon_peaceful_grove,
          old_standard_altar, ebering_ghost_reflecting_pool, billiards_dpeg,
          uniq_edmund
D:7:      lemuel_castle_with_subvaults [lemuel_castle_interior_carwin_1],
          layout_layer_cave, tgw_trog, minmay_crystal_room,
          ebering_dispersal_statue_hall, nrook_mini_vaults,
          hangedman_decor_lopped, uniq_maggie
D:8:      layout_basic, kennysheep_mini, kennysheep_crisscross,
          minmay_misc_feat_ornament, uniq_psyche, uniq_jeremiah
D:9:      layout_irregular_city, gammafunk_temple_overflow_wave, fedhas_altar_3,
          lemuel_zombie_altar_kikubaaqudgha, gammafunk_ghost_arena
D:10:     layout_long_grid, xom_redecorated

Skill      XL: |  1  2  3  4  5  6  7  8  9 10 11 |
---------------+----------------------------------+-----
Shapeshifting  | 3 4 5 6 8 9 10 | 10.8
Invocations    | 1 3 5 7 |  7.6
Armour         | 2 4 5 |  5.0
Unarmed Combat | 3 4 5 6 |  6.1
Fighting       | 3 4 5 6 |  6.2
Dodging        | 3 |  3.4
Stealth        | 2 3 |  3.0

Action                     |  1- 3 |  4- 6 |  7- 9 | 10-12 || total
---------------------------+-------+-------+-------+-------++-------
  Melee: Unarmed           |    33 |       |   278 |   253 ||   564
         Mace              |    84 |   145 |    10 |       ||   239
         Punch             |       |     1 |       |       ||     1
         Touch             |       |       |    71 |    17 ||    88
         Constrict         |       |       |       |    53 ||    53
 Invoke: Ancestor Life: Ba |       |       |     1 |       ||     1
         Recall Ancestor   |       |       |       |     1 ||     1
  Evoke: Wand              |       |     2 |    10 |       ||    12
    Use: Scroll            |       |     4 |     3 |     5 ||    12
         Potion            |       |     2 |     8 |       ||    10
   Stab: Sleeping          |     2 |     2 |       |       ||     4
         Distracted        |       |     1 |       |     1 ||     2
 Armour: Animal skin       |    82 |       |       |       ||    82
         Leather armour    |     1 |   115 |   221 |    32 ||   369
         Skin              |       |       |     8 |   132 ||   140
  Dodge: Dodged            |   103 |   108 |   191 |    95 ||   497
   Form: Flux              |       |       |     1 |       ||     1
         Anaconda          |       |       |       |     1 ||     1

Table legend: (Time is in decaauts)
 A = Elapsed time spent in this place.
 B = Non-inter-level travel time spent in this place.
 C = Inter-level travel time spent in this place.
 D = Time resting spent in this place.
 E = Time spent auto-exploring this place.
 F = Levels seen in this place.
 G = Mean time per level.
                   A        B        C        D        E       F      G
               +--------+--------+--------+--------+--------+-----+--------+
         Total |   8850 |   8409 |    441 |     30 |   6189 |  10 |  885.0 |
       Dungeon |   8850 |   8409 |    441 |     30 |   6189 |  10 |  885.0 |
               +--------+--------+--------+--------+--------+-----+--------+

Top non-repeatable levels by time:
     D:4: 1526 daAuts
     D:7: 1162 daAuts
     D:2: 1054 daAuts
     D:9: 1043 daAuts
     D:1: 967 daAuts
     D:5: 905 daAuts
     D:6: 812 daAuts
     D:3: 738 daAuts
     D:8: 505 daAuts
    D:10: 135 daAuts
